 Dungeon Crawl Stone Soup version 0.30.0-5-g1a98f26d00 (webtiles) character file.

Game seed: 12704938453307298720

103 Gabide the Conjurer (level 4, -4/36 HPs)
             Began as a Demigod Conjurer on May 9, 2023.
             Killed from afar by Ijyb (9 damage)
             ... with an iceblast
             ... on level 3 of the Dungeon.
             The game lasted 00:04:55 (2861 turns).

Gabide the Conjurer (Demigod Conjurer)              Turns: 2861, Time: 00:04:56

Health: -4/36      AC:  2    Str:  8    XL:     4   Next: 27%
Magic:  5/10       EV: 17    Int: 24    God:
Gold:   168        SH:  0    Dex: 12    Spells: 4/7 levels left

rFire   + . .        a - +1 dagger (speed)
rCold   . . .        (no shield)
rNeg    . . .        e - +0 robe
rPois   .            (no helmet)
rElec   .            (no cloak)
rCorr   .            (no gloves)
SInv    .            (no boots)
Will    .....        (no amulet)
Stlth   ++           d - ring of protection from fire
HPRegen 0.26/turn    g - +5 ring of evasion
MPRegen 0.12/turn

%: no passive effects
@: no status effects
A: high MP 1, forlorn, divine attributes
a: no special abilities


You were on level 3 of the Dungeon.
You visited 1 branch of the dungeon, and saw 3 of its levels.

You collected 168 gold pieces.

Inventory:

Hand Weapons
 a - a +1 dagger of speed (weapon)
Armour
 e - a +0 robe (worn)
Jewellery
 d - a ring of protection from fire (left hand)
 g - a +5 ring of evasion (right hand)
 l - a +6 ring of strength
Scrolls
 c - a scroll of enchant armour {unknown}
 k - a scroll of blinking {unknown}
 n - a scroll of vulnerability {unknown}
 o - a scroll of identify {unknown}
 q - a scroll of immolation {unknown}
Potions
 b - a potion of magic
 f - a potion of invisibility {unknown}
 i - a potion of mutation {unknown}
 j - a potion of heal wounds {unknown}
 m - 2 potions of curing {unknown}
 p - a potion of flight {unknown}


   Skills:
 + Level 2.2 Fighting
 + Level 2.2 Dodging
 - Level 1.7 Stealth
 + Level 2.2 Spellcasting
 * Level 4.2 Conjurations


You had 4 spell levels left.
You knew the following spells:

 Your Spells              Type           Power      Damage    Failure   Level
a - Magic Dart            Conj           92%        1d7       1%          1
b - Searing Ray           Conj           46%        2d6       3%          2

Your spell library contained the following spells:

 Spells                   Type           Power      Damage    Failure   Level
 Dazzling Flash           Conj/Hex       24%        N/A       14%         3
 Fulminant Prism          Conj/Hex       6%         3d6       43%         4
 Iskenderun's Mystic Bla  Conj/Tloc      12%        2d5       43%         4


Dungeon Overview and Level Annotations

Branches:
Dungeon (3/15)

Shops:
D:1 ?

Annotations:
D:3 Ijyb


Innate Abilities, Weirdness & Mutations

You have an increased reservoir of magic. (+10% MP)
You shall have no god before yourself.
Your divine heritage dramatically boosts your attributes as you level up.


Message History

Ijyb zaps a wand.
The mass of ice explodes!
The iceblast engulfs you!
Casting: Magic Dart (safe; 1% risk of failure)
Confirm with . or Enter, or press ? or * to list all spells.
You can't see any susceptible monsters within range! (Use Z to cast anyway.) Unknown command.
Unknown command.
Unknown command.
Throw: throwing net
Press: ? - help, Shift-Dir - straight line, f/p - Ijyb
Aim: Ijyb, wielding a +0 dagger, wearing a +0 scale mail and carrying a wand of iceblast (9) (moderately wounded, 53% to hit)
You throw a throwing net. The throwing net hits Ijyb.
Ijyb is caught in the net!
Ijyb is moderately wounded.
Ijyb struggles against the net.
Ijyb zaps a wand.
The mass of ice explodes!
The iceblast engulfs you!!
Ouch! That really hurt!
* * * LOW HITPOINT WARNING * * *
Ijyb struggles against the net.
Casting: Magic Dart (safe; 1% risk of failure)
Confirm with . or Enter, or press ? or * to list all spells.
Aiming: Searing Ray (safe; 3% risk of failure)
Press: ? - help, Shift-Dir - straight line, f/p - Ijyb
Aim: Ijyb, wielding a +0 dagger, wearing a +0 scale mail and carrying a wand of iceblast (8) (moderately wounded, entangled in a net, 100% to hit)
The searing ray hits Ijyb.
Ijyb is moderately wounded. (Press . to maintain the ray.)
The searing ray hits Ijyb.
Ijyb is heavily wounded.
Ijyb struggles against the net.
The searing ray hits Ijyb but does no damage.
Ijyb is heavily wounded.
Ijyb struggles against the net.
The searing ray hits Ijyb.
Ijyb is heavily wounded.
You finish channelling your searing ray.
Ijyb struggles against the net.
Ijyb struggles against the net.
The net rips apart, and Ijyb comes free!
Ijyb zaps a wand.
The mass of ice explodes!
The iceblast engulfs you!
You die...

###### #....#
#############.##.#
........รท.....##.#
###.......######.#
###.......######@##
.##...............#
..........######..#
.##.......# #..# #
.##.......# #..# ..#
.##.......# #..# ###....
.####.....######.g###.......
...##.###.............g...#
...##.# #<................#


You could see Ijyb.

Vanquished Creatures
  Jessica (D:2)
  An adder (D:2)
  A worm (D:2)
  2 dart slugs (D:2)
  An orc (D:3)
  7 ball pythons
  7 endoplasms
  3 giant cockroaches
  2 goblins
  5 hobgoblins
  3 jackals
  7 kobolds
  2 quokkas
  3 bats (D:2)
  4 frilled lizards
  9 rats
58 creatures vanquished.

Vanquished Creatures (others)
  A jackal (D:2)
1 creature vanquished.

Grand Total: 59 creatures vanquished

Notes
Turn   | Place    | Note
-------+----------+-------------------------------------------
     0 | D:1      | Gabide the Demigod Conjurer began the quest for the Orb.
     0 | D:1      | Reached XP level 1. HP: 14/14 MP: 5/5
   157 | D:1      | Found Kinitopn's Magic Scroll Shoppe.
   349 | D:1      | Reached XP level 2. HP: 22/22 MP: 1/7
   757 | D:1      | Reached skill level 1 in Fighting
  1167 | D:1      | Reached skill level 4 in Conjurations
  1337 | D:2      | Learned a level 2 spell: Searing Ray
  1489 | D:2      | Reached XP level 3. HP: 28/28 MP: 6/8
  1860 | D:2      | Noticed Jessica
  1863 | D:2      | Killed Jessica
  2006 | D:2      | Reached XP level 4. HP: 36/36 MP: 6/9
  2844 | D:3      | Noticed Ijyb
  2848 | D:3      | HP: 1/36 [Ijyb/iceblast (21)]
  2861 | D:3      | Killed from afar by Ijyb

Illustrated notes

Levels and vault maps discovered:
D:1:      eino_arrival_cavern_d, layout_loops_ring, serial_shops,
          nicolae_shop_trees, minmay_tromino_v4_b
D:2:      minmay_chambers_of_ones, layout_loops_ring, uniq_jessica
D:3:      layout_loops_ring, mainiacjoe_overflow_catwalk, fedhas_altar_1,
          hellmonk_ecumenical_altar_blasted, st_stairs_7, uniq_ijyb,
          uniq_crazy_yiuf_cottage, uniq_sigmund, uniq_terence

Skill      XL: |  1  2  3 |
---------------+----------+-----
Dodging        | 2 |  2.2
Spellcasting   | 2 |  2.2
Fighting       | 1 2 |  2.2
Conjurations   | 4 |  4.2
Stealth        | |  1.7

Action                     |  1- 3 |  4- 6 || total
---------------------------+-------+-------++-------
  Melee: Dagger            |     3 |       ||     3
  Throw: Throwing net      |       |     1 ||     1
   Cast: Magic Dart        |    83 |    38 ||   121
         Searing Ray       |     1 |     1 ||     2
 Armour: Robe              |     1 |       ||     1
  Dodge: Dodged            |    23 |     3 ||    26
